 Dungeon Crawl Stone Soup version 0.27.1-33-g824d729ab1 (webtiles) character file.

Game seed: 9417665490886166618

366 Gabide the Poker (level 7, -2/54 HPs)
             Began as a Human Monk on Dec 10, 2021.
             Slain by a lemure (5 damage)
             ... led by Pikel
             ... on level 3 of the Dungeon.
             The game lasted 00:06:40 (6093 turns).

Gabide the Poker (Human Monk)                       Turns: 6093, Time: 00:06:41

Health: -2/54      AC:  6    Str: 14    XL:     7   Next: 1%
Magic:  7/7        EV: 10    Int: 10    God:
Gold:   123        SH:  0    Dex: 15    Spells: 6/6 levels left

rFire    . . .     SeeInvis .   a - +1 spear
rCold    . . .     Faith    +   (no shield)
rNeg     . . .     Spirit   .   h - +0 scale mail
rPois    .         Reflect  .   (no helmet)
rElec    .         Harm     .   (no cloak)
rCorr    .         Rampage  .   (no gloves)
Will     .....                  (no boots)
Stlth    +.........             e - amulet of faith
HPRegen  0.18/turn              (no ring)
MPRegen  0.10/turn              (no ring)

@: no status effects
A: no striking features
a: no special abilities


You were on level 3 of the Dungeon.
You visited 1 branch of the dungeon, and saw 4 of its levels.

You collected 123 gold pieces.

Inventory:

Hand Weapons
 a - a +1 spear (weapon)
Armour
 b - a +0 robe
 h - a +0 scale mail (worn)
Jewellery
 e - an amulet of faith (around neck)
Wands
 g - a wand of polymorph (2)
 k - a wand of charming (4)
Scrolls
 c - a scroll of fog
 d - a scroll of amnesia
 i - a scroll of identify
 j - a scroll of noise


   Skills:
 * Level 4.2 Fighting
 * Level 4.8 Polearms
 + Level 1.4 Armour
 + Level 3.9 Dodging
 + Level 3.4 Stealth
 + Level 1.1 Unarmed Combat


You had 6 spell levels left.
You didn't know any spells.
Your spell library contained the following spells:

 Spells                   Type           Power      Damage    Failure   Level
 Animate Skeleton         Necr           0%         N/A       86%         1
 Pain                     Necr           0%         1d4       86%         1
 Blink                    Tloc           N/A        N/A       94%         2
 Lesser Beckoning         Tloc           0%         N/A       99%         3
 Vampiric Draining        Necr           0%         2d6       99%         3
 Manifold Assault         Tloc           0%         N/A       100%        5


Dungeon Overview and Level Annotations

Branches:
Dungeon (4/15)             Temple (0/1) D:4

Altars:

Annotations:
D:3 Pikel


Message History

Pikel burns you. The lemure hits you but does no damage.
You hit Pikel but do no damage.
Pikel is lightly wounded.
The lemure hits you.
You barely miss Pikel.
Pikel is lightly wounded.
The lemure hits you but does no damage.
Pikel hits you with a +0 whip of flaming.
Pikel burns you.
You hit Pikel but do no damage.
Pikel is lightly wounded.
The lemure hits you. x2
* * * LOW HITPOINT WARNING * * *
Pikel hits you with a +0 whip of flaming.
* * * LOW HITPOINT WARNING * * *
Pikel burns you.
* * * LOW HITPOINT WARNING * * *
You closely miss Pikel.
Pikel is lightly wounded.
The lemure hits you.
* * * LOW HITPOINT WARNING * * *
The lemure hits you.
* * * LOW HITPOINT WARNING * * *
Pikel hits you with a +0 whip of flaming.
* * * LOW HITPOINT WARNING * * *
Pikel burns you.
* * * LOW HITPOINT WARNING * * *
You hit Pikel.
Pikel is lightly wounded.
The lemure hits you but does no damage. x2
Pikel says, "You'll make a fine lemure."
Pikel barely misses you.
You hit Pikel but do no damage.
Pikel is lightly wounded.
The lemure misses you. Pikel barely misses you.
The lemure hits you but does no damage.
You barely miss Pikel.
Pikel is lightly wounded.
The lemure hits you.
You die...

≈≈.# ##..†##
#.......##.## ≈#.#
##.....###.......##.#.
≈#.#
#.......##.......##.##
≈#.#
##.....###..>....##...
≈#.#
##...#######.#####..#
5#.#
##(###.........#...#
.#.###### #.#
#.####.##......
#......##
#K###.####.##.####.
#.......#
#5@5....##.##......
##..###..#
#####.#.##.#...####
#.....#..#######
#.#......#..# #
#..>#..........#
#......#...##
#...###..#####.#
#####...#.##
.........# #.# #...###
########## #.# #...#
#.# #...# #####.##
#...######


You could see Pikel and 2 lemures.

Vanquished Creatures
  A lemure (D:3)
  An orc priest (D:2)
  Terence (D:2)
  Natasha (thrice) (D:3)
  An orc wizard (D:3)
  A gnoll (D:1)
  4 adders
  2 worms (D:2)
  2 dart slugs
  4 orcs (D:3)
  6 bats
  5 endoplasms
  4 giant cockroaches (D:4)
  6 goblins
  2 hobgoblins
  3 jackals (D:1)
  3 quokkas
  15 ball pythons
  4 frilled lizards
  8 kobolds
  7 rats
83 creatures vanquished.

Vanquished Creatures (others)
  A demonic plant (D:3)
  A plant (D:3)
2 creatures vanquished.

Grand Total: 85 creatures vanquished

Notes
Turn   | Place    | Note
-------+----------+-------------------------------------------
     0 | D:1      | Gabide the Human Monk began the quest for the Orb.
     0 | D:1      | Reached XP level 1. HP: 18/18 MP: 1/1
   156 | D:1      | Reached XP level 2. HP: 20/24 MP: 2/2
   457 | D:1      | Reached XP level 3. HP: 29/29 MP: 3/3
  1536 | D:2      | Reached XP level 4. HP: 16/36 MP: 4/4
  2134 | D:2      | Noticed Terence
  2271 | D:2      | Killed Terence
  2272 | D:2      | Reached XP level 5. HP: 30/42 MP: 5/5
  3201 | D:3      | Noticed Natasha
  3215 | D:3      | Killed Natasha
  3231 | D:2      | HP: 3/63 [orc priest (9)]
  3237 | D:2      | Reached skill level 1 in Unarmed Combat
  3652 | D:3      | HP: 2/42 [something (4)]
  3950 | D:3      | Reached XP level 6. HP: 48/48 MP: 6/6
  3992 | D:3      | Noticed Natasha
  4003 | D:3      | Killed Natasha
  4036 | D:3      | Noticed Natasha
  4051 | D:3      | Killed Natasha
  4052 | D:3      | Reached skill level 1 in Armour
  4319 | D:3      | Found a faded altar of an unknown god.
  4655 | D:3      | Noticed Grinder
  5130 | D:4      | Noticed Pikel
  5580 | D:3      | Paralysed by Grinder for 4 turns
  5592 | D:3      | Noticed Grinder
  5592 | D:3      | Grinder changed into Grinder the lemure
  5867 | D:3      | Killed Grinder the lemure
  5868 | D:3      | Reached XP level 7. HP: 37/54 MP: 7/7
  6093 | D:3      | Slain by a lemure

Illustrated notes

Levels and vault maps discovered:
D:1:      dpeg_arrival_rooms_b, layout_loops_corners
D:2:      layout_basic, uniq_terence
D:3:      layout_loops_cross, shapermc_ecumenical_altar_gd,
          gup_sewer_entry_pipe, minmay_pentomino_pile, uniq_natasha,
          uniq_grinder
D:4:      layout_gridville, minitemple, grunt_temple_overflow_diamond,
          minmay_temple_entry_stoned_glass, uniq_pikel, uniq_robin

Skill      XL: |  1  2  3  4  5  6 |
---------------+-------------------+-----
Polearms       | 4 |  4.8
Stealth        | 3 |  3.4
Unarmed Combat | 1 |  1.1
Fighting       | 4 |  4.2
Armour         | 1 |  1.4
Dodging        | |  3.9

Action                   |  1- 3 |  4- 6 |  7- 9 || total
-------------------------+-------+-------+-------++-------
Melee: Spear             |   133 |   265 |    12 ||   410
       Unarmed           |       |    10 |       ||    10
Evoke: Wand              |       |     2 |       ||     2
  Use: Scroll            |     2 |     4 |       ||     6
       Potion            |       |     1 |       ||     1
 Stab: Sleeping          |     7 |     6 |       ||    13
Armor: Robe              |    14 |     1 |       ||    15
       Skin              |       |     3 |       ||     3
       Scale mail        |       |    65 |     8 ||    73
Dodge: Dodged            |    52 |   112 |    12 ||   176
